 Dungeon Crawl Stone Soup version 0.21-a0-344-g2144152 (webtiles) character file.

655 4thArraOfDagon the Chopper (level 7, -1/61 HPs)
             Began as a Minotaur Chaos Knight on Oct 4, 2017.
             Slain by Grinder (7 damage)
             ... while paralysed by Grinder
             ... on level 6 of the Dungeon.
             The game lasted 00:06:21 (1641 turns).

4thArraOfDagon the Chopper (Minotaur Chaos Knight)  Turns: 1641, Time: 00:06:21

Health: -1/61      AC:  6    Str: 16    XL:     7   Next: 29%
Magic:  6/6        EV:  2    Int: 13    God:    Xom [..*...]
Gold:   178        SH:  0    Dex: 10    Spells: 6/6 levels left

rFire    . . .     SeeInvis .   a - +0 hand axe (chaos)
rCold    . . .     Gourm    .   (no shield)
rNeg     . . .     Faith    .   b - +2 leather armour
rPois    .         Spirit   .   (helmet restricted)
rElec    .         Reflect  .   (no cloak)
rCorr    .         Harm     +   (no gloves)
MR       .....                  m - +0 pair of boots
Stlth    ++........             g - amulet of harm
HPRegen  0.20/turn              C - ring of stealth
MPRegen  0.10/turn              (no ring)

@: paralysed
A: retaliatory headbutt, horns 2, clever 1, screaming 1, no potion heal 1
a: Renounce Religion


You were on level 6 of the Dungeon.
You worshipped Xom.
You were a toy of Xom.
You were not hungry.

You visited 1 branch of the dungeon, and saw 6 of its levels.
You also visited: Sewer.

You collected 178 gold pieces.

Inventory:

Hand Weapons
 a - a +0 hand axe of chaos (weapon)
Missiles
 p - a throwing net (quivered)
Armour
 b - a +2 leather armour (worn)
 m - a +0 pair of boots (worn)
Jewellery
 g - an amulet of harm (around neck)
 C - a ring of stealth (left hand)
Wands
 k - a wand of polymorph (8/24)
 n - a wand of flame (10/48)
Scrolls
 e - 5 scrolls of remove curse
 f - 5 scrolls of blinking
 j - 4 scrolls of recharging
 q - a scroll of random uselessness {unknown}
 t - 3 scrolls of fog {unknown}
 u - 2 scrolls of fear {unknown}
 y - a scroll of magic mapping {unknown}
 z - 3 scrolls of teleportation {unknown}
Potions
 d - a potion of degeneration
 i - a potion of ambrosia
 l - a potion of mutation
 o - 4 potions of haste {unknown}
 r - 3 potions of curing
 s - a potion of magic {unknown}
 x - 2 potions of brilliance {unknown}
 A - a potion of heal wounds {unknown}
 B - a potion of lignification
Books
 v - a book of Geomancy

   Spells                             Type                      Level
   a - Sandblast                      Earth                        1
   b - Passwall                       Transmutation/Earth          2
   c - Stone Arrow                    Conjuration/Earth            3
   d - Petrify                        Transmutation/Earth          4
   e - Lee's Rapid Deconstruction     Earth                        5
Comestibles
 c - 3 bread rations
 h - 2 fruits
 w - 2 meat rations
 D - 3 chunks of flesh


   Skills:
 + Level 5.5 Fighting
 * Level 7.0 Axes
 + Level 4.8 Armour
 + Level 3.9 Dodging


You had 6 spell levels left.
You didn't know any spells.

Dungeon Overview and Level Annotations

Branches:
Dungeon (6/15)
 Temple: D:4-7

Altars:
Elyvilon
Gozag
Zin

Annotations:
D:6 Grinder


Innate Abilities, Weirdness & Mutations

You reflexively headbutt those who attack you in melee.
You have a pair of horns on your head.
Your mind is acute. (Int +2)
You occasionally shout uncontrollably at your foes.
Potions are less effective at restoring your health.


Message History

The bullfrog zombie is lightly damaged.
The bullfrog zombie misses you. You furiously retaliate!
You headbutt the bullfrog zombie!
Unknown command.
Grinder hits you.
You writhe in agony.
You hit the bullfrog zombie. You headbutt the bullfrog zombie.
The bullfrog zombie is severely damaged.
You hit Grinder. You burn Grinder. The bullfrog zombie closely misses you.
You furiously retaliate!
You headbutt the bullfrog zombie. Grinder gestures at you.
You suddenly lose the ability to move!
The bullfrog zombie hits you. Grinder hits you.
You writhe in agony.
The bullfrog zombie hits you. Grinder hits you.
You writhe in agony.
The bullfrog zombie hits you.
* * * LOW HITPOINT WARNING * * *
The bullfrog zombie hits you but does no damage.
Grinder hits you.
* * * LOW HITPOINT WARNING * * *
You writhe in agony.
You die...
Xom howls with laughter!

.... ... ###
..## ...# ..#
#...#
#.####..#
#.##...#
###5...###
#.@.[.##
#Z###<#
#.......#
#....###.....
!.....#
##..#. .###..
##.# #.J .#
#. .# .. ..


You could see Grinder and a bullfrog zombie.

Vanquished Creatures
  3 bullfrogs
  A scorpion (D:5)
  A bullfrog skeleton (D:4)
  An iguana (D:5)
  An orc wizard (D:5)
  Natasha (D:3)
  A howler monkey skeleton (D:4)
  3 gnolls (D:4)
  2 river rats (Sewer)
  15 adders
  An ooze (Sewer)
  2 worms (D:2)
  4 leopard geckos
  7 orcs
  A ball python (shapeshifter) (D:3)
  5 giant cockroaches
  4 hobgoblins
  10 jackals
  4 kobolds
  2 quokkas
  8 ball pythons
  2 bats
  2 frilled lizards (Sewer)
  4 goblins
  A jackal skeleton (D:5)
  A leopard gecko zombie (D:5)
  A quokka skeleton (D:5)
  34 rats
122 creatures vanquished.

Vanquished Creatures (others)
  A kobold (D:3)
1 creature vanquished.

Grand Total: 123 creatures vanquished

Notes
Turn   | Place    | Note
-------+----------+-------------------------------------------
     0 | D:1      | 4thArraOfDagon the Minotaur Chaos Knight began the quest for the Orb.
     0 | D:1      | Reached XP level 1. HP: 19/19 MP: 0/0
    93 | D:1      | Reached XP level 2. HP: 23/27 MP: 1/1
   120 | D:1      | Reached skill level 4 in Axes
   169 | D:2      | XOM: harmless Ice miscast
   172 | D:2      | Reached XP level 3. HP: 25/33 MP: 2/2
   446 | D:2      | Found an opulent altar of Gozag.
   481 | D:2      | XOM: divination: magic mapping
   497 | D:3      | Noticed Natasha
   499 | D:3      | Killed Natasha
   499 | D:3      | Reached XP level 4. HP: 40/40 MP: 3/3
   578 | D:3      | XOM: silly message
   604 | D:3      | Gained mutation: You occasionally shout uncontrollably at your foes. [mutagenic meat]
   605 | D:3      | Gained mutation: Your mind is acute. (Int +2) [mutagenic meat]
   606 | D:3      | Gained mutation: Potions are less effective at restoring your health. [mutagenic meat]
   662 | D:4      | XOM: harmless Chrm miscast
   680 | D:4      | XOM: harmless Hex miscast
   684 | D:4      | Reached skill level 5 in Axes
   781 | D:4      | XOM: divination: detect items
   861 | D:4      | Reached XP level 5. HP: 28/47 MP: 4/4
  1045 | D:4      | Found a glowing drain.
  1053 | Sewer    | Entered a sewer
  1117 | Sewer    | XOM: harmless Pois miscast
  1190 | Sewer    | XOM: mild Air miscast
  1194 | Sewer    | Reached XP level 6. HP: 50/55 MP: 5/5
  1240 | Sewer    | XOM: potion effect (might)
  1241 | Sewer    | Reached skill level 5 in Fighting
  1241 | Sewer    | Reached skill level 6 in Axes
  1255 | Sewer    | XOM: noise
  1367 | D:5      | Entered Level 5 of the Dungeon
  1378 | D:5      | XOM: cast spell 'Summon Butterflies'
  1386 | D:5      | XOM: cast spell 'Olgreb's Toxic Radiance'
  1388 | D:5      | Reached XP level 7. HP: 44/61 MP: 6/6
  1440 | D:5      | Found a glowing silver altar of Zin.
  1445 | D:5      | Found a white marble altar of Elyvilon.
  1505 | D:5      | XOM: mild Pois miscast
  1536 | D:5      | XOM: silly message
  1576 | D:5      | Reached skill level 7 in Axes
  1634 | D:6      | Noticed Grinder
  1638 | D:6      | Paralysed by Grinder for 7 turns
  1641 | D:6      | Slain by Grinder

Vault maps used:
D:1:      dpeg_arrival_water_temple_mockup
D:2:      nicolae_overflow_hidden_temple, first_bread, serial_corexii_hall,
          corexii_hall_statues_deadend, corexii_hall_statues_deadend
D:3:      uniq_natasha
D:4:      gup_sewer_entry_bubbles
D:5:      gammafunk_temple_overflow_pools, minmay_temple_entry_statues
D:6:      nicolae_ashenzari_panopticon, nrook_mini_backslash,
          uniq_blork_the_orc, uniq_grinder, uniq_menkaure
Sewer:    sewer_minmay_w

Skill      XL: |  1  2  3  4  5  6  7 |
---------------+----------------------+-----
Axes           | 4 5 6 7 |  7.0
Fighting       | 4 5 |  5.5
Armour         | 3 4 |  4.8
Dodging        | 2 3 |  3.9

Action                   |  1- 3 |  4- 6 |  7- 9 || total
-------------------------+-------+-------+-------++-------
Melee: Hand axe          |    65 |   130 |    37 ||   232
       Headbutt          |     5 |    12 |     2 ||    19
  Use: Scroll            |       |     8 |     1 ||     9
       Potion            |       |       |     1 ||     1
  Eat: Chunk             |       |     4 |     1 ||     5
       Fruit             |       |     1 |       ||     1
Armor: Leather armour    |    26 |    52 |     9 ||    87
Dodge: Dodged            |    40 |   112 |    27 ||   179

Table legend:
 A = Spawn XP
 B = Non-spawn XP
 C = Spawn XP percentage of total XP
 D = Spawn monster count
 E = Non-spawn monster count
 F = Spawn count percentage of total count
 G = Total turns spent on level
                    A         B        C        D         E        F      G
               +---------+---------+-------+---------+---------+-------+---------
         Total |       0 |     937 |   0.0 |       0 |     123 |   0.0 |  1641
               +---------+---------+-------+---------+---------+-------+---------
           D:1 |       0 |      18 |   0.0 |       0 |      12 |   0.0 |   151
           D:2 |       0 |      65 |   0.0 |       0 |      20 |   0.0 |   346
           D:3 |       0 |      56 |   0.0 |       0 |      12 |   0.0 |   159
           D:4 |       0 |     145 |   0.0 |       0 |      17 |   0.0 |   490
           D:5 |       0 |     276 |   0.0 |       0 |      14 |   0.0 |   257
         Sewer |       0 |     377 |   0.0 |       0 |      48 |   0.0 |   221
               +---------+---------+-------+---------+---------+-------+---------
